 Dungeon Crawl Stone Soup version 0.17.0-17-ge4ba49f (webtiles) character file.

100 Feubar the Conjurer (level 4, -4/24 HPs)
             Began as a Deep Elf Conjurer on Nov 11, 2015.
             Killed by divine providence
             ... invoked by an orc priest
              (14 damage)
             ... on level 3 of the Dungeon.
             The game lasted 00:07:07 (2137 turns).

Feubar the Conjurer (Deep Elf Conjurer)             Turns: 2137, Time: 00:07:07

Health: -4/24      AC:  7    Str:  6    XL:     4   Next: 46%
Magic:  4/12       EV: 12    Int: 20    God:
Gold:   81         SH:  0    Dex: 15    Spells: 3 memorised, 5 levels left

rFire  . . .     SeeInvis .     l - +1 short sword (venom)
rCold  + . .     Clarity  .     e - +1 leather armour {rC+}
rNeg   . . .     SustAt   .     (no shield)
rPois  .         Gourm    .     (no helmet)
rElec  .         Spirit   .     (no cloak)
rCorr  .         Warding  .     (no gloves)
rMut   .         Stasis   .     g - +2 pair of boots
MR     .....                    (no amulet)
Stlth  ++........               (no ring)
                                (no ring)

@: not resistant to hostile enchantments, unstealthy
A: no striking features
a: no special abilities


You were on level 3 of the Dungeon.
You were not hungry.

You visited 1 branch of the dungeon, and saw 3 of its levels.

You collected 81 gold pieces.

Inventory:

Hand Weapons
 l - a +1 short sword of venom (weapon)
Armour
 a - a +0 robe
 e - a +1 leather armour of cold resistance (worn)
 g - a +2 pair of boots (worn)
Scrolls
 f - a scroll of enchant armour
 i - a scroll of recharging
Potions
 h - a potion of ambrosia {unknown}
 m - a potion of cancellation
Books
 b - a book of Conjurations

   Spells                             Type                      Level
   a - Magic Dart                     Conjuration                  1
   b - Searing Ray                    Conjuration                  2
   c - Dazzling Spray                 Conjuration/Hexes            3
   d - Fulminant Prism                Conjuration/Hexes            4
   e - Iskenderun's Mystic Blast      Conjuration                  4
   f - Iskenderun's Battlesphere      Conjuration/Charms           5
Comestibles
 c - 4 bread rations
 j - 6 meat rations
 k - a royal jelly


   Skills:
 - Level 2.4 Dodging
 - Level 2.4 Stealth
 + Level 4.8 Spellcasting
 + Level 5.7 Conjurations


You had 5 spell levels left.
You knew the following spells:

 Your Spells              Type           Power        Failure   Level  Hunger
a - Magic Dart            Conj           ####         1%          1    None
b - Searing Ray           Conj           ####..       3%          2    #......
c - Iskenderun's Mystic   Conj           ####....     21%         4    ####...


Dungeon Overview and Level Annotations

Branches:
Dungeon (3/15)

Altars:


Message History

Press: ? - help, Shift-Dir - straight line, f/p - orc priest
Aim: an orc priest, wielding a club and wearing a leather armour (moderately wounded)
The magic dart hits the orc priest.
The orc priest is moderately wounded.
Casting: Magic Dart
Confirm with . or Enter, or press ? or * to list all spells.
Aiming: Searing Ray
Press: ? - help, Shift-Dir - straight line, f/p - orc priest
Aim: an orc priest, wielding a club and wearing a leather armour (moderately wounded)
The searing ray hits the orc priest.
The orc priest is heavily wounded.
The orc shouts!
The searing ray hits the orc priest.
The orc priest is heavily wounded.
The searing ray hits the orc priest.
The orc priest is almost dead.
The orc priest invokes the aid of Beogh against you.
Something smites you!
Ouch! That really hurt!
You die...

##. ## .. ..# o. #.#
o## #.# .. #.# #. #.#
#.######.###
#.)oo@.....#
########.#.#### #.#
#............###.#
#.#####.......##.#
#.# ###.##..##.# #.#
#.##..##.# #.#
####.##..##.# #.#
#........##.####
#.####.##........<...


You could see an orc priest and an orc.

Vanquished Creatures
  4 adders (D:2)
  An ooze (D:1)
  A worm (D:2)
  A giant gecko (D:1)
  An orc (D:3)
  4 bats
  4 giant cockroaches
  6 goblins
  6 hobgoblins
  4 jackals (D:1)
  10 kobolds
  3 giant newts
  A jackal skeleton (D:3)
  2 rats
48 creatures vanquished.

Notes
Turn   | Place    | Note
--------------------------------------------------------------
     0 | D:1      | Feubar the Deep Elf Conjurer began the quest for the Orb.
     0 | D:1      | Reached XP level 1. HP: 10/10 MP: 6/6
   388 | D:1      | Reached XP level 2. HP: 15/15 MP: 5/8
   392 | D:1      | Learned a level 2 spell: Searing Ray
   889 | D:2      | Reached skill level 5 in Conjurations
   895 | D:2      | Reached XP level 3. HP: 19/19 MP: 3/10
  1255 | D:2      | Reached XP level 4. HP: 22/24 MP: 0/12
  1349 | D:2      | Learned a level 4 spell: Iskenderun's Mystic Blast
  2132 | D:3      | HP: 1/24 [orc priest/divine providence (12)]
  2137 | D:3      | Killed from afar by an orc priest

Action                   |  1- 3 |  4- 6 || total
-------------------------+-------+-------++-------
Melee: Short sword       |       |     2 ||     2
 Cast: Magic Dart        |    66 |    26 ||    92
       Searing Ray       |     3 |     1 ||     4
  Use: Scroll            |     3 |     6 ||     9
       Potion            |       |     1 ||     1
  Eat: Chunk             |     1 |     1 ||     2
       Beef jerky        |       |     3 ||     3
